 Dungeon Crawl Stone Soup version 0.24.0-123-gd5b16e6ec5 (webtiles) character file.

Game seed: 2723569928760210005, levelgen mode: deterministic

761 brucemayne the Cleaver (level 7, -4/57 HPs)
             Began as a Hill Orc Monk on Jan 20, 2020.
             Killed by nerve-wracking pain
             ... invoked by an orc priest
              (14 damage)
             ... on level 5 of the Dungeon.
             The game lasted 00:10:29 (1914 turns).

brucemayne the Cleaver (Hill Orc Monk)              Turns: 1914, Time: 00:10:30

Health: -4/57      AC: 17    Str: 16    XL:     7   Next: 80%
Magic:  7/7        EV:  8    Int: 12    God:
Gold:   158        SH:  0    Dex: 13    Spells: 6/6 levels left

rFire    . . .     SeeInvis .   s - -1 war axe
rCold    . . .     Gourm    .   (no shield)
rNeg     . . .     Faith    .   n - +0 chain mail
rPois    .         Spirit   .   (no helmet)
rElec    .         Reflect  .   (no cloak)
rCorr    .         Harm     .   l - +0 pair of gloves
MR       .....                  h - +1 pair of boots
Stlth    ..........             (no amulet)
HPRegen  0.19/turn              m - +5 ring of protection
MPRegen  0.10/turn              (no ring)

@: no status effects
A: clever 1, shaggy fur 1, sturdy frame 1
a: Convert to Beogh


You were on level 5 of the Dungeon.
You were not hungry.

You visited 1 branch of the dungeon, and saw 7 of its levels.

You collected 158 gold pieces.

Inventory:

Hand Weapons
 a - a +0 hand axe
 s - a -1 war axe (weapon)
 u - a +0 short sword of draining
 v - a +3 quarterstaff
Armour
 b - a +0 robe
 h - a +1 pair of boots (worn)
 l - a +0 pair of gloves (worn)
 n - a +0 chain mail (worn)
 q - a +0 helmet
 t - a cursed -1 ring mail
 w - a +0 plate armour
 z - a +0 scale mail
Jewellery
 m - a +5 ring of protection (left hand)
Scrolls
 e - a scroll of teleportation
 g - a scroll of enchant armour
 i - 2 scrolls of blinking
 j - a scroll of enchant weapon
 r - 2 scrolls of identify
 x - a scroll of immolation
Potions
 d - a potion of heal wounds {unknown}
 f - a potion of curing
 k - a potion of might {unknown}
 p - a potion of haste {unknown}
Miscellaneous
 y - a lamp of fire (inert)
Comestibles
 c - 9 rations
 o - 11 chunks of flesh


   Skills:
 - Level 3.6 Fighting
 + Level 11.4 Axes
 - Level 2.4 Dodging
 - Level 1.5 Stealth


You had 6 spell levels left.
You didn't know any spells.
Your spell library was empty.

Dungeon Overview and Level Annotations

Branches:
Dungeon (7/15)
 Temple: D:4-7

Altars:
Wu Jian
Zin

Shops:
D:5 =


Innate Abilities, Weirdness & Mutations

Your mind is acute. (Int +2)
You are covered in fur. (AC +1)
Your movements are slightly less encumbered by armour. (ER -2)


Message History

There is an escape hatch in the ceiling here.
There is an escape hatch in the ceiling here.
Things that are here:
a +0 flail; an orc corpse
There is a stone staircase leading down here.
You climb downwards.
The orc priest calls down the wrath of Beogh upon you.
Pain shoots through your body!
The howler monkey skeleton barely misses you.
The howler monkey skeleton hits you but does no damage.
There is a stone staircase leading up here.
You slash the howler monkey skeleton!
You destroy the howler monkey skeleton!
The orc priest calls down the wrath of Beogh upon you.
Pain shoots through your body!
* * * LOW HITPOINT WARNING * * *
You hit the orc priest but do no damage.
The orc priest calls down the wrath of Beogh upon you.
Pain shoots through your body!
You die...

#.# #....n....#...$....# #.###
###..................# #...#
#.##...........#.......#
###.#####.##...........##..#..##
#..............###.#...#..#....
#.........#....# #.##..........
#.............####.#......#.#..
#.............##.....###..#.#..
#............<@o...### ##......
#.............###.## .......
##...........### #.# ....#..
#)...........# ##.## .......
#.#####......# #...######....##
##.##......#### #...#........#
...##......# #.....#
.####......# #....## ## #####).#
#...##


You could see an orc priest.

Vanquished Creatures
  A sky beast (D:7)
  A centaur (D:6)
  A bullfrog (D:6)
  A howler monkey (D:7)
  A crimson imp (D:5)
  A hound (D:7)
  An orc priest (D:4)
  A bullfrog skeleton (D:6)
  6 orc wizards
  A centaur skeleton (D:4)
  2 iguanas
  A worker ant (D:6)
  A gnoll (D:4)
  A howler monkey skeleton (D:5)
  An adder (D:4)
  A shadow imp (D:6)
  3 oozes
  A dart slug (D:1)
  9 orcs
  3 bats (D:1)
  3 giant cockroaches
  2 goblins (D:1)
  6 hobgoblins (D:1)
  5 jackals
  2 kobolds
  2 quokkas
  3 frilled lizards
  A rat (D:1)
62 creatures vanquished.

Notes
Turn   | Place    | Note
-------+----------+-------------------------------------------
     0 | D:1      | brucemayne the Hill Orc Monk began the quest for the Orb.
     0 | D:1      | Reached XP level 1. HP: 19/19 MP: 1/1
    65 | D:1      | Reached XP level 2. HP: 6/26 MP: 2/2
   109 | D:1      | Reached skill level 5 in Axes
   329 | D:2      | Reached XP level 3. HP: 22/31 MP: 3/3
   393 | D:2      | You fall into a shaft and drop 2 floors!
   412 | D:4      | Reached skill level 6 in Axes
   424 | D:3      | Noticed an ice beast
   470 | D:4      | Reached XP level 4. HP: 27/39 MP: 4/4
   726 | D:5      | Entered Level 5 of the Dungeon
   726 | D:5      | Noticed a necrophage
   779 | D:4      | Reached skill level 7 in Axes
   851 | D:3      | Reached XP level 5. HP: 41/45 MP: 5/5
   884 | D:2      | Found a glowing silver altar of Zin.
   884 | D:2      | Found an ornate altar of the Wu Jian Council.
  1049 | D:5      | Noticed an ogre
  1074 | D:6      | Reached skill level 8 in Axes
  1095 | D:6      | Reached XP level 6. HP: 35/51 MP: 6/6
  1135 | D:6      | Reached skill level 9 in Axes
  1137 | D:6      | Noticed a sky beast
  1303 | D:7      | Killed a sky beast
  1351 | D:7      | Reached skill level 10 in Axes
  1351 | D:7      | Reached XP level 7. HP: 43/57 MP: 7/7
  1430 | D:5      | Found Renyes's Jewellery Boutique.
  1497 | D:5      | Gained mutation: Potions are less effective at restoring
                  | your health. [potion of mutation]
  1497 | D:5      | Gained mutation: Your mind is acute. (Int +2) [potion of
                  | mutation]
  1497 | D:5      | Gained mutation: You are somewhat resistant to further
                  | mutation. [potion of mutation]
  1516 | D:5      | Lost mutation: You are somewhat resistant to further
                  | mutation. [potion of mutation]
  1516 | D:5      | Lost mutation: Your mind is acute. (Int +2) [potion of
                  | mutation]
  1516 | D:5      | Lost mutation: Potions are less effective at restoring your
                  | health. [potion of mutation]
  1516 | D:5      | Gained mutation: You have a pair of small antennae on your
                  | head. [potion of mutation]
  1516 | D:5      | Gained mutation: You expend magic power (3 MP) to
                  | strengthen your wands. [potion of mutation]
  1517 | D:5      | Lost mutation: You expend magic power (3 MP) to strengthen
                  | your wands. [potion of mutation]
  1517 | D:5      | Lost mutation: You have a pair of small antennae on your
                  | head. [potion of mutation]
  1517 | D:5      | Gained mutation: You are covered in fur. (AC +1) [potion of
                  | mutation]
  1517 | D:5      | Gained mutation: Your mind is acute. (Int +2) [potion of
                  | mutation]
  1517 | D:5      | Gained mutation: Your movements are slightly less
                  | encumbered by armour. (ER -2) [potion of mutation]
  1655 | D:4      | Reached skill level 11 in Axes
  1914 | D:5      | Killed from afar by an orc priest

Levels and vault maps discovered:
D:1:      nicolae_arrival_memento_mori, layout_rooms
D:2:      layout_basic, gammafunk_temple_overflow_wave, minmay_misc_feat_tiny,
          cheibrodos_gnoll_hut, uniq_terence, uniq_crazy_yiuf_cottage
D:3:      layout_basic, first_ration, st_stairs_4
D:4:      layout_loops_ring
D:5:      layout_rooms, minmay_temple_entry_grid, serial_shops, shop
D:6:      layout_loops_ring, minmay_checkerbox, uniq_blork_the_orc
D:7:      layout_loops_ring, serial_shops, shop, uniq_duvessa

Skill      XL: |  1  2  3  4  5  6  7 |
---------------+----------------------+-----
Axes           | 5 6 7 8 10 11 | 11.4
Fighting       | |  3.6
Dodging        | |  2.4
Stealth        | |  1.5

Action                   |  1- 3 |  4- 6 |  7- 9 || total
-------------------------+-------+-------+-------++-------
Melee: Hand axe          |    80 |   147 |    23 ||   250
       War axe           |       |       |    40 ||    40
       Short sword       |       |       |     9 ||     9
Throw: Dart              |       |     2 |       ||     2
Evoke: Lamp of fire      |       |     1 |       ||     1
  Use: Potion            |     1 |       |     5 ||     6
       Scroll            |       |     1 |     8 ||     9
  Eat: Chunk             |       |     1 |       ||     1
       Ration            |       |       |     1 ||     1
Armor: Robe              |    24 |     1 |       ||    25
       Chain mail        |       |    99 |    56 ||   155
Dodge: Dodged            |    74 |    45 |    30 ||   149
